 Dungeon Crawl Stone Soup version 0.30-a0-1163-gf69bf04e7a (webtiles) character file.

Game seed: 8382823594412684360

245 Morbidden the Ruffian (level 5, -20/72 HPs)
             Began as a Troll Transmuter on Apr 28, 2023.
             Was an Initiate of Cheibriados.
             Killed from afar by a steam dragon (23 damage)
             ... with a ball of steam
             ... on level 4 of the Dungeon.
             The game lasted 00:03:29 (2815 turns).

Morbidden the Ruffian (Troll Transmuter)            Turns: 2815, Time: 00:03:29

Health: -20/72     AC: 22    Str: 19    XL:     5   Next: 83%
Magic:  6/6        EV:  1    Int: 12    God:    Cheibriados [......]
Gold:   184        SH:  0    Dex: 11    Spells: 3/7 levels left

rFire   . .          .
                       - Unarmed
rCold   . . .        (no shield)
rNeg    . . .        a - melded +0 robe
rPois   +            (helmet currently unavailable)
rElec   .            (cloak currently unavailable)
rCorr   .            (gloves unavailable)
SInv    .            (boots unavailable)
Will    .....        (no amulet)
Stlth   +            (no ring)
HPRegen 1.12/turn    (no ring)
MPRegen 0.10/turn

%: no passive effects
@: tree-form, very slow
A: stationary, stasis, torment immunity, boosted hp, large, unfitting armour,
(claws 3), regeneration 1, (shaggy fur 1), (tough skin 1)
a: Renounce Religion


You were on level 4 of the Dungeon.
You worshipped Cheibriados.
Cheibriados was noncommittal.
You were a tree.
You visited 1 branch of the dungeon, and saw 4 of its levels.

You collected 184 gold pieces.

Inventory:

Missiles
 g - 18 stones (quivered)
 p - 2 poisoned darts
 s - 4 javelins
 v - 2 boomerangs
 x - 2 throwing nets
Armour
 a - a +0 robe (melded)
Scrolls
 c - a scroll of blinking {unknown}
 e - 5 scrolls of identify {unknown}
 f - 2 scrolls of torment {unknown}
 h - a scroll of immolation {unknown}
 i - a scroll of enchant weapon {unknown}
 k - a scroll of enchant armour {unknown}
 m - 4 scrolls of teleportation {unknown}
 n - a scroll of brand weapon {unknown}
 q - 2 scrolls of fog {unknown}
 r - a scroll of butterflies {unknown}
 t - a scroll of fear {unknown}
 u - a scroll of noise {unknown}
Potions
 b - 3 potions of lignification
 d - a potion of cancellation {unknown}
 j - a potion of degeneration {unknown}
 l - 2 potions of curing {unknown}
 o - a potion of might {unknown}
 w - 2 potions of attraction {unknown}
 z - a potion of brilliance {unknown}
 A - a potion of resistance {unknown}


   Skills:
 * Level 1.4 Fighting
 * Level 1.1 Armour
 * Level 2.2 Dodging
 + Level 0.4 Stealth
 * Level 4.8 Unarmed Combat
 * Level 1.5 Spellcasting
 * Level 1.8 Transmutations
 * Level 0.7 Poison Magic


You had 3 spell levels left.
You knew the following spells:

 Your Spells              Type           Power      Damage    Failure   Level
a - Beastly Appendage     Tmut           10%        N/A       13%         1
z - Spider Form           Tmut/Pois      4%         N/A       45%         3

Your spell library contained the following spells:

 Spells                   Type           Power      Damage    Failure   Level
 Wereblood                Tmut           5%         N/A       21%         2
 Dazzling Flash           Conj/Hex       0%         N/A       65%         3
 Volatile Blastmotes      Fire/Tloc      0%         2d10      65%         3
 Ice Form                 Ice/Tmut       3%         N/A       88%         4
 Iskenderun's Mystic Bla  Conj/Tloc      0%         2d3       96%         4
 Starburst                Conj/Fire      0%         6d3       100%        6


Dungeon Overview and Level Annotations

Branches:
Dungeon (4/15)
 Temple: D:4-7

Altars:
Cheibriados


Innate Abilities, Weirdness & Mutations

You are a tree.
Your roots penetrate the ground, keeping you stationary.
You cannot be teleported.
You are immune to unholy pain and torment.
Your maximum health is greatly increased.
Your equipment is partially melded.
You are too large for most types of armour.
((You have claws for hands.))
Your natural rate of healing is unusually fast.
((You are covered in fur. (AC +1)))
((You have tough skin. (AC +1)))


Message History

Unknown command.
You are too injured to fight recklessly!
You scratch the steam dragon but do no damage.
The steam dragon is moderately wounded.
The steam dragon bites you.
* * * LOW HITPOINT WARNING * * *
The steam dragon claws you but does no damage.
Unknown command.
You closely miss the steam dragon.
The steam dragon is moderately wounded.
The steam dragon closely misses you. The steam dragon barely misses you.
Unknown command.
You closely miss the steam dragon.
The steam dragon is moderately wounded.
Unknown command.
Unknown command.
You scratch the steam dragon.
The steam dragon is heavily wounded.
The steam dragon breathes steam at you. The ball of steam hits you!
* * * LOW HITPOINT WARNING * * *
Unknown command.
Unknown command.
Really quaff the potion of lignification?
Really become a tree while standing in a cloud of steam?
Okay, then.
You scratch the steam dragon but do no damage.
The steam dragon is heavily wounded.
You are engulfed in a cloud of scalding steam.
The steam dragon bites you!
* * * LOW HITPOINT WARNING * * *
The steam dragon barely misses you.
Unknown command.
Unknown command.
Really quaff the potion of lignification?
You turn into a tree.
Your +0 robe melds into your body.
Your roots penetrate the ground.
The steam dragon breathes steam at you. The ball of steam hits you!!
You die...

.##...####.###..#
#...#.........).#...
...+...........#...
...#...........#...
####.###...####.###..#
#....######## ###
#..§........
#.§§.§....(.
#.§§♣D......
#####§###.##.##
##..##.###+##
#...........#
#...........#
#####.....######
##..##.....##.
#..<..........
#.............


You could see a steam dragon (catching breath).

Vanquished Creatures
  An orc priest (D:3)
  A sleepcap (D:3)
  Jessica (D:2)
  An iguana (D:4)
  4 adders
  An ufetubus (D:4)
  2 worms
  2 dart slugs (D:2)
  8 orcs
  4 ball pythons
  4 bats
  6 endoplasms
  6 giant cockroaches
  8 goblins
  9 hobgoblins
  2 quokkas (D:1)
  3 frilled lizards
  8 kobolds
  7 rats
78 creatures vanquished.

Notes
Turn   | Place    | Note
-------+----------+-------------------------------------------
     0 | D:1      | Morbidden the Troll Transmuter began the quest for the Orb.
     0 | D:1      | Reached XP level 1. HP: 18/18 MP: 1/1
   152 | D:1      | Reached XP level 2. HP: 26/26 MP: 2/2
   182 | D:1      | Reached skill level 1 in Fighting
  1001 | D:2      | Reached XP level 3. HP: 30/33 MP: 4/4
  1005 | D:2      | Learned a level 3 spell: Spider Form
  1187 | D:2      | Reached XP level 4. HP: 37/41 MP: 5/5
  1317 | D:2      | Noticed Jessica
  1331 | D:2      | Killed Jessica
  1332 | D:2      | Reached skill level 4 in Unarmed Combat
  2016 | D:3      | Reached XP level 5. HP: 39/48 MP: 6/6
  2206 | D:3      | Reached skill level 1 in Armour
  2259 | D:3      | Found a snail-covered altar of Cheibriados.
  2264 | D:3      | You fall into a shaft and drop 1 floor!
  2573 | D:3      | Became a worshipper of Cheibriados the Contemplative
  2806 | D:4      | Noticed a steam dragon
  2814 | D:4      | HP: 1/48 [steam dragon (10)]
  2815 | D:4      | Killed from afar by a steam dragon

Illustrated notes

Levels and vault maps discovered:
D:1:      shiori_arrival_elements, layout_loops_ring, minmay_pentomino_w4
D:2:      layout_basic, minmay_joined_circles, uniq_jessica
D:3:      layout_basic, cheibriados_altar_1, minmay_box_of_dots
D:4:      layout_gridville, eino_small_chamber_without_monster,
          nrook_loot_triangle

Skill      XL: |  1  2  3  4  5 |
---------------+----------------+-----
Fighting       | 1 |  1.4
Dodging        | 2 |  2.2
Unarmed Combat | 4 |  4.8
Armour         | 1 |  1.1
Stealth        | |  0.4
Spellcasting   | |  1.5
Transmutations | |  1.8
Poison Magic   | |  0.7

Action                     |  1- 3 |  4- 6 || total
---------------------------+-------+-------++-------
  Melee: Unarmed           |    85 |   115 ||   200
         Kick              |     1 |       ||     1
         Punch             |       |     2 ||     2
  Throw: Dart              |       |     2 ||     2
         Stone             |       |     3 ||     3
   Cast: Beastly Appendage |     2 |       ||     2
    Use: Potion            |       |     1 ||     1
   Stab: Sleeping          |     1 |     2 ||     3
 Armour: Robe              |    18 |    33 ||    51
  Dodge: Dodged            |    40 |    69 ||   109

Table legend: (Time is in decaauts)
 A = Elapsed time spent in this place.
 B = Non-inter-level travel time spent in this place.
 C = Inter-level travel time spent in this place.
 D = Time resting spent in this place.
 E = Time spent auto-exploring this place.
 F = Levels seen in this place.
 G = Mean time per level.
                   A        B        C        D        E       F      G
               +--------+--------+--------+--------+--------+-----+--------+
         Total |   2862 |   2681 |    181 |      0 |   2217 |   4 |  715.5 |
       Dungeon |   2862 |   2681 |    181 |      0 |   2217 |   4 |  715.5 |
               +--------+--------+--------+--------+--------+-----+--------+

Top non-repeatable levels by time:
     D:2: 1039 daAuts
     D:1: 881 daAuts
     D:3: 714 daAuts
     D:4: 226 daAuts
